Map: Cerulean Fall LE

Players

IIIIIIIIIIII - Winner!

  • Race: Zerg Zerg
  • League: Grandmaster
  • Spawn Location: 1:00

Neuro

  • Race: Zerg Zerg
  • League: Grandmaster
  • Spawn Location: 7:00

VOD

Have the link to the VOD?

Description

Time

  • Played on: Jan. 9, 2019, 10:24 p.m.
  • Length: 8:10
Show
View Real Time Build Order
Export as new Build Order

IIIIIIIIIIII Zerg - Winner!

Build Orders: Pool First 

Get SALT Encoding   

  12  0:01  Drone  
  13  0:14  Overlord  
  13  0:17  Drone  
  14  0:32  Drone x2  
  16  0:36  Drone  
  17  0:46  Spawning Pool  
  17  0:48  Drone  
  17  1:09  Hatchery  
  16  1:12  Drone  
  16  1:15  Extractor  
  16  1:33  Zergling x6  
  16  1:35  Queen  
  21  1:45  Overlord  
  21  1:57  Drone  
  22  2:06  Drone  
  23  2:10  Queen  
  25  2:18  Drone  
  25  2:21  Queen  
  25  2:22  Drone  
  29  2:28  Drone  
  30  2:36  Drone  
  31  2:40  Drone  
  32  2:45  Drone x4  
  36  2:53  Overlord x2  
  36  3:07  Evolution Chamber, Drone  
  36  3:11  Roach Warren  
  35  3:13  Drone  
  35  3:15  Drone x2  
  35  3:19  Drone x2  
  41  3:20  Drone  
  41  3:26  Drone  
  42  3:30  Drone x4  
  46  3:35  Zerg Missile Weapons Level 1  
  45  3:47  Lair  
  45  3:48  Drone x3  
  45  4:06  Roach x2  
  48  4:13  Roach  
  47  4:21  Extractor  
  47  4:22  Extractor  
  45  4:26  Evolution Chamber  
  45  4:28  Roach  
  45  4:29  Overlord x2  
  46  4:45  Queen  
  48  4:46  Drone x2  
  48  4:47  Overlord x2  
  48  4:49  Roach x2  
  54  4:57  Glial Reconstitution  
  54  5:02  Drone  
  54  5:03  Drone  
  58  5:07  Overseer  
  58  5:11  Drone x2  
  58  5:14  Drone x2  
  62  5:19  Roach x3  
  62  5:20  Roach  
  68  5:21  Roach  
  68  5:24  Roach  
  70  5:32  Roach x2  
  74  5:39  Ravager  
  74  5:42  Roach x2  
  78  5:48  Roach x2  
  78  5:49  Overlord x2  
  82  6:05  Evolution Chamber  
  82  6:10  Roach x5  
  91  6:15  Ravager  
  93  6:20  Roach x3  
  93  6:21  Overlord x2  
  99  6:36  Ravager  
  96  6:42  Roach x4  
  100  6:49  Roach x2  
  100  6:50  Roach  
  104  6:55  Roach x3  
  109  7:01  Roach x2  
  105  7:12  Roach x2  
  107  7:17  Roach x3  
  113  7:24  Roach  
  115  7:33  Roach x2, Hatchery  
  112  7:38  Roach x3  
  110  7:44  Overlord  
  110  7:45  Overlord  
  110  7:46  Roach x3  
Show
View Real Time Build Order
Export as new Build Order

Neuro Zerg 

Build Orders: Hatch First 

Get SALT Encoding   

  12  0:01  Drone  
  13  0:13  Overlord  
  13  0:17  Drone  
  14  0:31  Drone x2  
  16  0:49  Hatchery  
  15  0:52  Drone  
  15  0:56  Drone  
  17  0:59  Drone  
  18  1:09  Extractor  
  17  1:14  Spawning Pool  
  17  1:18  Drone  
  17  1:21  Drone  
  18  1:28  Drone  
  19  1:42  Overlord  
  19  2:00  Queen x2  
  23  2:02  Zergling x6  
  26  2:09  Metabolic Boost  
  26  2:15  Zergling x4  
  28  2:22  Drone  
  29  2:28  Drone  
  30  2:33  Baneling Nest, Drone x2  
  31  2:45  Drone x2  
  33  2:57  Overlord  
  33  3:11  Drone x3  
  36  3:16  Zergling x12  
  42  3:24  Overlord  
  42  3:25  Overlord  
  42  3:27  Baneling x2  
  42  3:31  Queen  
  44  3:35  Overlord  
  43  3:53  Zergling x14  
  42  4:06  Zergling x4  
  43  4:13  Hatchery  
  41  4:17  Drone  
  41  4:18  Drone  
  41  4:22  Drone  
  44  4:36  Drone x3  
  45  4:41  Roach Warren  
  44  4:47  Drone x4  
  48  4:58  Drone x4  
  48  4:59  Lair  
  52  5:06  Evolution Chamber  
  51  5:07  Overlord  
  51  5:18  Drone x8  
  51  5:19  Extractor x2  
  57  5:28  Roach x3  
  63  5:43  Zerg Missile Weapons Level 1  
  63  5:45  Overlord x2  
  63  5:46  Overlord x2  
  63  5:47  Roach  
  65  5:54  Roach x2  
  71  5:57  Roach x2  
  71  5:58  Drone x6  
  71  6:02  Overlord  
  79  6:13  Roach x5  
  87  6:19  Roach x2  
  91  6:27  Roach x2  
  91  6:32  Zergling x14  
  100  6:36  Queen  
  88  6:42  Roach x4  
  85  6:51  Roach x3  
  84  6:56  Roach x3  
  84  6:58  Zergling x2  
  87  7:01  Roach  
  87  7:06  Roach  
  87  7:07  Roach  
  84  7:11  Roach  
  84  7:12  Zergling x12  
  79  7:20  Roach  
  79  7:21  Roach  
  81  7:25  Roach  
  81  7:26  Zergling x4  
  78  7:39  Roach x2  
  78  7:41  Zergling x12  
  83  7:48  Roach  
  83  7:49  Roach  
Tags
 
Add a new tag
Caveats
  • Supply blocks, unpowered buildings, or Contaminate may cause inaccurate times.
  • Supply counts are checked every 10 seconds.